AoeStats
← Rendalin

Oasis

509737396Analyzed
4v4 RM · 5d ago on Sep 27, 2026· 20m 43s· 8 players
Game mode
Random Map
Map size
Large (8 player)
Population
200
Speed
Normal
Resources
Standard
Victory
Conquest
Starting age
Dark Age
Ending age
Imperial Age
RankedLock teamsTeams togetherTeam positionsShared explorationLock speedFull tech treeHidden civsTurbo modeCheats
Victory
Defeat
🇺🇸 Maya · United States
1127
+13
🇺🇸 Franks · United States
1113
+13
🇺🇸 Burgundians · United States
1044
+16
🇺🇸 Britons · United States
1001
+18
🇯🇴 Japanese · Jordan
1078
-16
🇹🇷 Varangians · Türkiye
1058
-15
🇦🇷 Khmer · Argentina
1040
-15
🇮🇱 Slavs · Israel
1023
-14
quiet_squirrel22
8:55 Double-Bit Axe
9:31 Loom
11:22 Feudal Age
15:53 Castle Age
15:07 Bow Saw
14:40 Horse Collar
20:46 Scale Barding Armor
Big Radahn
10:31 Feudal Age
11:01 Double-Bit Axe
13:01 Scale Barding Armor
14:35 Forging
18:00 Loom
21:07 Castle Age
19:55 Loom
20:05 Gold Mining
Senshi
0:32 Loom
10:17 Feudal Age
12:21 Gold Mining
16:27 Fletching
18:30 Padded Archer Armor
19:41 Town Watch
Rendalin
12:14 Feudal Age
14:24 Double-Bit Axe
18:02 Fletching
Shaheen
0:34 Loom
13:06 Feudal Age
13:31 Double-Bit Axe
hknarsln
12:17 Feudal Age
16:54 Castle Age
17:00 Wheelbarrow
16:27 Double-Bit Axe
Media_Pila
2:39 Loom
12:25 Feudal Age
15:23 Castle Age
13:32 Horse Collar
13:43 Double-Bit Axe
18:29 Gold Mining
JorDaN
0:28 Loom
13:37 Feudal Age
14:53 Wheelbarrow
14:07 Double-Bit Axe
Connection lost

Rejoining the realm…

Still unreachable

The connection could not be restored.

Session expired

The server has moved on; the page needs a fresh start.